 Dungeon Crawl Stone Soup version 0.25-a0-634-gd1561dc703 (webtiles) character file.

Game seed: 1913216956780874360, levelgen mode: deterministic

30 MrSirius the Skirmisher (level 3, -4/33 HPs)
             Began as a Draconian Berserker on Mar 20, 2020.
             Was a Follower of Trog.
             Slain by Robin
             ... wielding a +0 club
              (8 damage)
             ... on level 3 of the Dungeon.
             The game lasted 00:10:16 (1218 turns).

MrSirius the Skirmisher (Draconian Berserker)       Turns: 1218, Time: 00:10:17

Health: -4/33      AC:  5    Str: 20    XL:     3   Next: 3%
Magic:  3/3        EV: 13    Int:  7    God:    Trog [*.....]
Gold:   93         SH:  0    Dex: 10    Spells: 2/2 levels left

rFire    . . .     SeeInvis .   a - +0 spear
rCold    . . .     Gourm    .   (no shield)
rNeg     . . .     Faith    .   (armour unavailable)
rPois    .         Spirit   .   (helmet restricted)
rElec    .         Reflect  .   (no cloak)
rCorr    .         Harm     .   (no gloves)
MR       .....                  (no boots)
Stlth    +.........             (no amulet)
HPRegen  0.11/turn              (no ring)
MPRegen  0.08/turn              (no ring)

@: no status effects
A: unfitting armour, cold-blooded, AC +5
a: Berserk, Renounce Religion


You were on level 3 of the Dungeon.
You worshipped Trog.
Trog was aware of your devotion.
You were hungry.

You visited 1 branch of the dungeon, and saw 3 of its levels.

You collected 93 gold pieces.

Inventory:

Hand Weapons
 a - a +0 spear (weapon)
 g - a +0 hunting sling
Missiles
 d - 109 stones (quivered)
 h - 13 boomerangs
 i - 14 poisoned darts
Armour
 l - a +0 pair of boots
Scrolls
 e - 2 scrolls of identify {unknown}
 j - a scroll of remove curse {unknown}
 k - a scroll of random uselessness {unknown}
Potions
 c - a potion of curing {unknown}
 f - 2 potions of lignification {unknown}
 m - a potion of invisibility {unknown}
Comestibles
 b - a ration


   Skills:
 + Level 3.6 Fighting
 + Level 3.4 Polearms
 + Level 3.2 Dodging


You had 2 spell levels left.
You didn't know any spells.
Your spell library was empty.

Dungeon Overview and Level Annotations

Branches:
Dungeon (3/15)

Altars:

Annotations:
D:3 Robin


Innate Abilities, Weirdness & Mutations

Your plain brown scales are hard. (AC +5)
You cannot fit into any form of body armour.
You are cold-blooded and may be slowed by cold attacks.


Message History

Robin is severely wounded.
Robin closely misses you.
You hit Robin.
Robin is almost dead.
Robin closely misses you.
You barely miss Robin.
Your tail-slap misses Robin.
Robin is almost dead.
Robin hits you but does no damage.
You hit Robin but do no damage. You tail-slap Robin, but do no damage.
Robin is almost dead.
You hit Robin but do no damage.
Robin is almost dead.
Robin misses you.
You barely miss Robin.
Robin is almost dead.
Robin completely misses you.
You closely miss Robin.
Robin is almost dead.
Robin hits you with a +0 club!
You die...

.### $.. ..#.
...##.#
...##....#.#
###.#.. #...
##.....# #..
#..#...###>#
#.......##.#
#..#...)####
##....)@...#
#.....[.##.#g##.#
..#####.......#
####.#..# #.#....
#.#..... ..###.#.
### ...#


You could see Robin.

Vanquished Creatures
  An ooze (D:1)
  A dart slug (D:1)
  A ball python (D:1)
  4 bats
  3 hobgoblins
  2 kobolds (D:1)
  A frilled lizard (D:3)
  6 goblins
  3 rats
22 creatures vanquished.

Notes
Turn   | Place    | Note
-------+----------+-------------------------------------------
     0 | D:1      | MrSirius the Draconian Berserker began the quest for the
                  | Orb.
     0 | D:1      | Reached XP level 1. HP: 19/19 MP: 1/1
   298 | D:1      | Reached XP level 2. HP: 26/26 MP: 2/2
  1146 | D:2      | Noticed Robin
  1182 | D:3      | Reached XP level 3. HP: 19/33 MP: 3/3
  1218 | D:3      | Slain by Robin

Levels and vault maps discovered:
D:1:      heliophobic_arrival_battle_scene, layout_basic
D:2:      layout_loops_ring, nicolae_overflow_crystal_walls, uniq_robin
D:3:      layout_rooms, chequers_ecumenical_altar_simple

Skill      XL: |  1  2 |
---------------+-------+-----
Dodging        | 3 |  3.2
Fighting       | |  3.6
Polearms       | |  3.4

Action                   || total
-------------------------++-------
Melee: Spear             ||    94
       Tailslap          ||    13
 Stab: Sleeping          ||     1
Armor: Skin              ||    24
Dodge: Dodged            ||    63

Table legend:
 A = Non-vault XP
 B = Vault XP
 C = Vault XP percentage of total XP
 D = Non-vault monster count
 E = Vault monster count
 F = Vault count percentage of total count
                 A         B        C        D         E       F
            +---------+---------+-------+---------+---------+-------
      Total |      35 |       8 |  18.6 |      18 |       4 |  18.2
            +---------+---------+-------+---------+---------+-------
        D:1 |      30 |       0 |   0.0 |      14 |       0 |   0.0
        D:2 |       2 |       2 |  50.0 |       2 |       1 |  33.3
        D:3 |       3 |       6 |  66.7 |       2 |       3 |  60.0
            +---------+---------+-------+---------+---------+-------
